 Dungeon Crawl Stone Soup version 0.26-a0-752-gcff87cac9a (webtiles) character file.

Game seed: 2099853405077697922

232 Antenora the Skirmisher (level 5, 0/47 HPs)
             Began as a Draconian Abyssal Knight on Nov 6, 2020.
             Was a Believer of Lugonu.
             Slain by a bullfrog skeleton (4 damage)
             ... on level 4 of the Dungeon.
             The game lasted 00:13:22 (2632 turns).

Antenora the Skirmisher (Draconian Abyssal Knight)  Turns: 2632, Time: 00:13:23

Health: 0/47       AC:  5    Str: 15    XL:     5   Next: 73%
Magic:  4/6        EV: 13    Int: 13    God:    Lugonu [**....]
Gold:   192        SH:  0    Dex: 10    Spells: 4/4 levels left

rFire    . . .     SeeInvis .   a - +2 falchion
rCold    . . .     Faith    .   (no shield)
rNeg     . . .     Spirit   .   (armour unavailable)
rPois    .         Reflect  .   (helmet restricted)
rElec    +         Harm     .   (no cloak)
rCorr    .         Rampage  .   (no gloves)
MR       .....                  (no boots)
Stlth    +.........             g - amulet of regeneration
HPRegen  0.55/turn              (no ring)
MPRegen  0.10/turn              (no ring)

@: no status effects
A: unfitting armour, electricity resistance, cold-blooded, AC +5
a: Depart the Abyss, Bend Space, Renounce Religion


You were on level 4 of the Dungeon.
You worshipped Lugonu.
Lugonu was pleased with you.
You visited 1 branch of the dungeon, and saw 4 of its levels.
You visited the Abyss 1 time.

You collected 192 gold pieces.

Inventory:

Hand Weapons
 a - a +2 falchion (weapon)
Jewellery
 c - an uncursed ring of ice
 g - an amulet of regeneration (around neck)
Scrolls
 b - a scroll of enchant weapon
 e - a scroll of enchant armour
 f - 2 scrolls of identify
Potions
 i - a potion of heal wounds
 j - a potion of magic
 m - a potion of curing


   Skills:
 + Level 4.7 Fighting
 + Level 4.1 Long Blades
 + Level 3.4 Dodging
 - Level 0.1 Stealth
 + Level 2.1 Invocations


You had 4 spell levels left.
You didn't know any spells.
Your spell library was empty.

Dungeon Overview and Level Annotations

Branches:
Dungeon (4/15)
 Temple: D:4-7

Altars:
The Shining One


Innate Abilities, Weirdness & Mutations

Your plain brown scales are hard. (AC +5)
You cannot fit into any form of body armour.
You are cold-blooded and may be slowed by cold attacks.
You are resistant to electric shocks. (rElec)


Message History

The orc warrior hits you with a +0 hand axe.
The orc warrior closely misses you.
The orc warrior hits you with a +0 hand axe!
You slash the orc!
You kill the orc!
Lugonu accepts your kill.
The orc warrior hits you with a +0 hand axe!
An orc wizard comes into view. It is wielding a +0 dagger.
The orc warrior hits you with a +0 hand axe!
* * * LOW HITPOINT WARNING * * *
The orc wizard shouts!
The orc warrior hits you with a +0 hand axe.
* * * LOW HITPOINT WARNING * * *
Space bends around you!
You blink.
You fail to use your ability.
The orc wizard hits you with a +0 dagger.
* * * LOW HITPOINT WARNING * * *
Space bends around you!
You blink.
The bullfrog skeleton hits you.
You die...

*** ##* #### ### **********,*
#.###..#####.#
,,,,,,,,,,,*##........>.#.#######
,********#.##...#...###.#........
,******,,...........#.#.#.#######
,,,,,,,,,.......@...#.#.#.#
,******,*#.###..#Z....#.#.#######
,,,,,,,,,,,........o..#..........
,******,*#.###..#..o.............
+** *,*,,,,,................†.###
,,***,****,#.#.####.######.......
,,,**,****,#...,,....,,,,#.####'#
,,,,,,,,,,,#.#........,,...#**...
,,,***********######,**#.#.#*....


You could see an orc warrior, an orc wizard and a bullfrog skeleton.

Vanquished Creatures
  2 howler monkeys (D:4)
  2 worker ants (D:4)
  3 adders
  2 oozes
  2 worms
  A dart slug (D:2)
  2 leopard geckos
  4 orcs
  3 giant cockroaches
  8 goblins
  4 hobgoblins
  3 jackals (D:1)
  A quokka (D:3)
  10 bats
  5 frilled lizards
  7 kobolds
  6 rats
65 creatures vanquished.

Notes
Turn   | Place    | Note
-------+----------+-------------------------------------------
     0 | Abyss:1  | Antenora the Draconian Abyssal Knight began the quest for
                  | the Orb.
     0 | Abyss:1  | Reached XP level 1. HP: 19/19 MP: 2/2
    64 | Abyss:1  | Noticed a small abomination
    66 | D:1      | Escaped the Abyss
   161 | D:1      | Reached * piety under Lugonu
   174 | D:1      | Reached XP level 2. HP: 12/27 MP: 3/3
   677 | D:2      | Reached XP level 3. HP: 33/33 MP: 4/4
   858 | D:2      | Reached ** piety under Lugonu
  1089 | D:3      | Gained mutation: Your mind is acute. (Int +2) [potion of
                  | mutation]
  1089 | D:3      | Lost mutation: Your mind is acute. (Int +2) [potion of
                  | mutation]
  1089 | D:3      | Gained mutation: You are resistant to electric shocks.
                  | (rElec) [potion of mutation]
  1181 | D:3      | Reached XP level 4. HP: 33/41 MP: 5/5
  2225 | D:4      | Reached XP level 5. HP: 32/47 MP: 6/6
  2581 | D:4      | Found a glowing golden altar of the Shining One.
  2619 | D:4      | Noticed an orc warrior
  2632 | D:4      | Slain by a bullfrog skeleton

Illustrated notes

Levels and vault maps discovered:
D:1:      dpeg_arrival_connections, layout_loops_ring, minmay_hexomino_f4
D:2:      layout_loops_cross, minmay_bisected
D:3:      layout_basic, zin_treasury
D:4:      layout_basic, fedhas_altar_4, tso_altar, grunt_decor_mini_mirrors

Skill      XL: |  1  2  3  4  5 |
---------------+----------------+-----
Fighting       | 4 |  4.7
Long Blades    | 3 4 |  4.1
Dodging        | 3 |  3.4
Stealth        | |  0.1
Invocations    | |  2.1

Action                   |  1- 3 |  4- 6 || total
-------------------------+-------+-------++-------
Melee: Falchion          |    94 |    64 ||   158
       Tailslap          |     8 |     7 ||    15
Invok: Depart the Abyss  |     1 |       ||     1
       Bend Space        |       |     3 ||     3
  Use: Scroll            |     3 |     4 ||     7
       Potion            |     6 |     2 ||     8
Armor: Skin              |    53 |    39 ||    92
Dodge: Dodged            |   107 |    81 ||   188
       Rpst.: Falchion   |    37 |    24 ||    61

Table legend: (Time is in decaauts)
 A = Elapsed time spent in this place.
 B = Non-inter-level travel time spent in this place.
 C = Inter-level travel time spent in this place.
 D = Time resting spent in this place.
 E = Time spent auto-exploring this place.
 F = Levels seen in this place.
 G = Mean time per level.
                   A        B        C        D        E       F      G
               +--------+--------+--------+--------+--------+-----+--------+
         Total |   2639 |   2624 |     15 |    259 |      0 |   5 |  527.8 |
       Dungeon |   2573 |   2558 |     15 |    259 |      0 |   4 |  643.2 |
         Abyss |     66 |     66 |      0 |      0 |      0 |   1 |   66.0 |
               +--------+--------+--------+--------+--------+-----+--------+

Top non-repeatable levels by time:
     D:3: 921 daAuts
     D:4: 614 daAuts
     D:1: 564 daAuts
     D:2: 473 daAuts
 Abyss:1: 66 daAuts
